 Dungeon Crawl Stone Soup version 0.16.1-18-g436b03c (webtiles) character file.

21 tscho the Skirmisher (level 3, -2/29 HPs)
             Began as a Formicid Abyssal Knight on Apr 30, 2015.
             Was a Follower of Lugonu.
             Slain by a gnoll (5 damage)
             ... on level 1 of the Dungeon.
             The game lasted 00:02:18 (559 turns).

tscho the Skirmisher (Formicid Abyssal Knight)       Turns: 559, Time: 00:02:19

Health: -2/29      AC:  3    Str: 16    XL:     3   Next: 2%
Magic:  5/5        EV: 11    Int: 11    God:    Lugonu [*.....]
Gold:   51         SH:  0    Dex: 11    Spells: 0 memorised, 2 levels left

rFire  . . .     SeeInvis +     a - +1 spear
rCold  . . .     Clarity  .     b - +0 leather armour
rNeg   . . .     SustAb   .     (no shield)
rPois  .         Gourm    .     (helmet unavailable)
rElec  .         Spirit   .     (no cloak)
rCorr  .         Warding  .     (no gloves)
rMut   .         Stasis   +     (no boots)
MR     .....                    (no amulet)
Stlth  +.........               (no ring)
                                (no ring)

@: not resistant to hostile enchantments, very unstealthy
A: permanent stasis, dig shafts and tunnels, four strong arms, antennae 3
a: Dig, Shaft Self, Depart the Abyss, Renounce Religion


You were on level 1 of the Dungeon.
You worshipped Lugonu.
Lugonu was aware of your devotion.
You were not hungry.

You visited 1 branch of the dungeon, and saw 1 of its levels.
You visited the Abyss 1 time.

You collected 51 gold pieces.

Inventory:

Hand weapons
 a - a +1 spear (weapon)
Armour
 b - a +0 leather armour (worn)
Jewellery
 h - an uncursed ring of magical power {unknown}
Magical devices
 e - a wand of digging (9)
Scrolls
 i - a scroll of noise {unknown}
 j - a scroll of enchant weapon {unknown}
 k - a scroll of fear {unknown}
 l - a scroll of remove curse {unknown}
 m - a scroll of identify {unknown}
 n - a scroll of teleportation {unknown}
Potions
 d - a potion of ambrosia {unknown}
 f - a potion of flight {unknown}
 g - a potion of heal wounds {unknown}
 p - a potion of might {unknown}
Comestibles
 c - a bread ration
 o - 2 meat rations


   Skills:
 - Level 3.4 Fighting
 + Level 2.8 Polearms
 - Level 2.4 Armour
 - Level 1.1 Dodging
 - Level 2.2 Invocations


You had 2 spell levels left.
You didn't know any spells.

Dungeon Overview and Level Annotations

Branches:
Dungeon (1/15)

Altars:


Innate Abilities, Weirdness & Mutations

You are under a permanent stasis effect.
You can dig through walls and to a lower floor.
Your four strong arms can wield two-handed weapons with a shield.
You have a pair of large antennae on your head (SInv).


Message History

You hit the gnoll.
The gnoll is moderately wounded.
The gnoll hits you.
You closely miss the gnoll.
The gnoll is moderately wounded.
The gnoll hits you!
You completely miss the gnoll.
The gnoll is moderately wounded.
The gnoll hits you.
You hit the gnoll but do no damage.
The gnoll is moderately wounded.
The gnoll hits you.
You barely miss the gnoll.
The gnoll is moderately wounded.
The gnoll hits you.
* * * LOW HITPOINT WARNING * * *
You hit the gnoll but do no damage.
The gnoll is moderately wounded.
The gnoll hits you.
You die...

.##..........#
#.######.########## ...
#.#...#...#. #.#...#P..#≈
#.##'###'### #.#.........
#.'.........
#####.########.#.........
.......g@......##'###'###
##############.#...#.[.#P
#.#.(.#.P.#P #.##########
#.....[..... ###.......##
#.......# #.......#
#.......#


You could see a gnoll.

Vanquished Creatures
  3 bats (D:1)
  3 giant cockroaches (D:1)
  2 goblins (D:1)
  4 hobgoblins (D:1)
  A ball python (D:1)
  2 giant newts (D:1)
  2 kobolds (D:1)
  2 rats (D:1)
19 creatures vanquished.

Notes
Turn   | Place    | Note
--------------------------------------------------------------
     0 | Abyss:1  | tscho, the Formicid Abyssal Knight, began the quest for the Orb.
     0 | Abyss:1  | Reached XP level 1. HP: 18/18 MP: 1/1
    10 | Abyss:1  | Found a corrupted altar of Lugonu.
    38 | Abyss:2  | Noticed a freezing wraith
    40 | D:1      | Escaped the Abyss
    93 | D:1      | Reached skill level 1 in Dodging
   133 | D:1      | Reached XP level 2. HP: 20/24 MP: 3/3
   135 | D:1      | Acquired Lugonu's first power
   486 | D:1      | Reached XP level 3. HP: 26/29 MP: 5/5
   559 | D:1      | Slain by a gnoll

Action                   || total
-------------------------++-------
Melee: Spear             ||    93
Invok: Depart the Abyss  ||     1
